 Dungeon Crawl Stone Soup version 0.31.0-12-g77e489cdc1 (webtiles) character file.

Game seed: 6361344443244077664

5599 Doomgape the Grappler (level 10, 0/97 (107) HPs)
             Began as a Troll Monk on Feb 13, 2024.
             Slain by a wight
             ... wielding a +0 spear
              (3 damage)
             ... on level 8 of the Dungeon.
             The game lasted 00:18:31 (4456 turns).

Doomgape the Grappler (Troll Monk)                  Turns: 4456, Time: 00:18:31

HP:   0/97 (107)    AC:  5    Str: 25    XL:     10   Next: 45%
MP:   9/9           EV: 11    Int:  6    God:
Gold: 341           SH:  0    Dex: 12    Spells: 9/9 levels left

rFire   . .          .
                       - Unarmed
rCold   . . .        c - orb {light}
rNeg    . . .        a - +1 robe
rPois   .            (helmet restricted)
rElec   .            (no cloak)
rCorr   .            (gloves unavailable)
SInv    .            (boots unavailable)
Will    .....        j - amulet of regeneration
Stlth   +            (no ring)
HPRegen 1.96/turn    (no ring)
MPRegen 0.11/turn

%: no passive effects
@: confused, ambrosia-drunk, glowing, drained
A: large, unfitting armour, claws 3, regeneration 1, shaggy fur 1, tough skin 1
a: no special abilities


You were on level 8 of the Dungeon.
You visited 1 branch of the dungeon, and saw 7 of its levels.

You collected 341 gold pieces.

Inventory:

Armour
 a - a +1 robe (worn)
 c - an orb of light (worn)
Magical Staves
 g - a staff of death
Jewellery
 j - an amulet of regeneration (around neck)
 m - an amulet of faith
 r - a ring of protection from fire
Wands
 l - a wand of polymorph (5)
 p - a wand of roots (5)
Scrolls
 f - a scroll of immolation {unknown}
 h - a scroll of identify
 k - 4 scrolls of teleportation
 n - a scroll of revelation
 q - a scroll of silence
Potions
 b - a potion of ambrosia
 d - 3 potions of cancellation
 e - a potion of enlightenment
 i - 4 potions of mutation
 o - a potion of berserk rage {unknown}
 s - a potion of attraction
 t - a potion of haste {unknown}
 u - a potion of might {unknown}


   Skills:
 + Level 9.3 Fighting
 - Level 4.4 Dodging
 + Level 11.1 Unarmed Combat


You had 9 spell levels left.
You didn't know any spells.
Your spell library contained the following spells:

 Spells                   Type           Power      Damage    Failure   Level
 Foxfire                  Conj/Fire      0%         2x1d4     45%         1
 Jinxbite                 Hex            0%         N/A       58%         2
 Fugue of the Fallen      Necr           0%         N/A       83%         3
 Ozocubu's Armour         Ice            0%         N/A       83%         3
 Manifold Assault         Tloc           0%         N/A       99%         4
 Yara's Violent Unravell  Hex/Alch       0%         3d3       100%        5
 Plasma Beam              Fire/Air       0%         2x1d10    100%        6
 Starburst                Conj/Fire      0%         6d3       100%        6
 Enfeeble                 Hex            0%         N/A       100%        7


Dungeon Overview and Level Annotations

Branches:
Dungeon (8/15)
 Temple: D:4-7         Lair: D:8-11

Altars:
Dithmenos
Qazlal
Wu Jian
Yredelemnul

Annotations:
D:5 2 transporters, Quickbrownfox's ghost, novice DsSh


Innate Abilities, Weirdness & Mutations

You are too large for most types of armour.
You have claws for hands.
Your natural rate of healing is unusually fast.
You are covered in fur. (AC +1)
You have tough skin. (AC +1)


Message History

You feel invigorated. The yak closely misses you.
The wight hits you from afar with a +0 spear.
* * * LOW HITPOINT WARNING * * *
You mangle the yak!!
You kill the yak!
The wight hits you from afar with a +0 spear.
* * * LOW HITPOINT WARNING * * *
You bump into the stone wall.
The wight hits you from afar with a +0 spear.
* * * LOW HITPOINT WARNING * * *
The wight barely misses you.
You barely miss the wight.
You bump into the stone wall.
The wight hits you with a +5 flail.
* * * LOW HITPOINT WARNING * * *
The wight hits you from afar with a +0 spear.
* * * LOW HITPOINT WARNING * * *
You bump into the rock wall.
The wight hits you with a +5 flail!
* * * LOW HITPOINT WARNING * * *
The wight hits you but does no damage.
You're too confused to move!
The wight hits you with a +5 flail!
* * * LOW HITPOINT WARNING * * *
The wight hits you from afar with a +0 spear.
* * * LOW HITPOINT WARNING * * *
You feel drained.
* * * LOW HITPOINT WARNING * * *
You bump into the stone wall.
The wight hits you with a +5 flail!
* * * LOW HITPOINT WARNING * * *
The wight hits you from afar with a +0 spear.
* * * LOW HITPOINT WARNING * * *
You feel drained.
* * * LOW HITPOINT WARNING * * *
Unknown command.
You are more confused.
You feel more invigorated. The wight barely misses you.
The wight hits you from afar with a +0 spear.
* * * LOW HITPOINT WARNING * * *
The wight hits you from afar with a +0 spear!
* * * LOW HITPOINT WARNING * * *
You feel drained.
You die...

..............))....#
^.#
.#.....#.#.#.######<#
#/.## ##............#
#)# #...#######
##....##.#.#.## #.#
#.$.^.....
#.##.###....#
#.####.........
##...........####
#....##[..$....
...#######......#
###....#....... ####
######.###
##.########## # #.@.#
#.# #.# # #.#z# #.#
#.# # ###z# #.# #)# #
#...# #.# #.# #
#.....##.####.##### #
'...♣...'.##........
# .###.
.###.##.....### # #
#. .# #........... #
#. .# ####.....##.


You could see 2 wights.

Vanquished Creatures
  Erica (D:8)
  The ghost of koorschki the Frost Mage, a novice DsIE of Vehumet (D:7)
  Pikel (D:8)
  Maurice (D:8)
  Psyche (D:8)
  Prince Ribbit (D:7)
  Grinder (D:5)
  Sigmund (D:2)
  4 yaks (D:8)
  A steam dragon (D:8)
  3 ice beasts
  2 sky beasts
  An orc warrior (D:6)
  A black bear (D:8)
  An ogre (D:6)
  3 lemures (D:8)
  A kobold brigand (D:6)
  Blork the orc (D:6)
  2 bullfrogs
  12 wights
  3 howler monkeys
  A bombardier beetle (D:5)
  A hound (D:5)
  2 orc priests (D:8)
  A jelly (D:8)
  Terence (D:2)
  A sleepcap (D:6)
  3 iguanas
  3 orc wizards (D:8)
  Robin (D:2)
  A gnoll (D:6)
  3 adders
  A shadow imp (D:6)
  6 ufetubi
  2 dart slugs (D:2)
  4 orcs
  5 ball pythons
  3 endoplasms
  2 giant cockroaches
  8 goblins
  6 hobgoblins
  4 jackals (D:1)
  3 quokkas
  5 bats
  A frilled lizard (D:1)
  5 kobolds
  7 rats
123 creatures vanquished.

Vanquished Creatures (others)
  An orc (D:8)
1 creature vanquished.

Grand Total: 124 creatures vanquished

Notes
Turn   | Place    | Note
-------+----------+-------------------------------------------
     0 | D:1      | Doomgape the Troll Monk began the quest for the Orb.
     0 | D:1      | Reached XP level 1. HP: 22/22 MP: 0/0
   207 | D:1      | Reached XP level 2. HP: 29/29 MP: 1/1
   411 | D:1      | Reached XP level 3. HP: 36/36 MP: 2/2
   856 | D:2      | Identified the +4 long sword of Indomitability {holy, rElec
                  | rC+ rN+ Str+2}
   939 | D:2      | Noticed Sigmund
   945 | D:2      | Killed Sigmund
   946 | D:2      | Reached skill level 4 in Unarmed Combat
   946 | D:2      | Reached XP level 4. HP: 36/46 MP: 3/3
   946 | D:2      | Reached XP level 5. HP: 41/53 MP: 4/4
   989 | D:2      | Noticed Terence
  1000 | D:2      | Killed Terence
  1097 | D:2      | Noticed Robin
  1108 | D:2      | Killed Robin
  1581 | D:3      | You fall into a shaft and drop 2 floors!
  1581 | D:5      | Entered Level 5 of the Dungeon
  1609 | D:5      | Reached XP level 6. HP: 60/62 MP: 5/5
  1701 | D:5      | Found a transporter.
  1704 | D:5      | Noticed Quickbrownfox's ghost (novice DsSh)
  1704 | D:5      | Noticed an ice beast
  1717 | D:5      | Killed an ice beast
  1816 | D:5      | Noticed Grinder
  1826 | D:5      | Paralysed by Grinder for 2 turns
  1831 | D:5      | Killed Grinder
  1832 | D:5      | Reached skill level 5 in Unarmed Combat
  1832 | D:5      | Reached XP level 7. HP: 67/71 MP: 6/6
  2101 | D:5      | Found a transporter.
  2358 | D:6      | Noticed Blork the orc
  2373 | D:6      | Killed Blork the orc
  2442 | D:6      | Reached skill level 5 in Fighting
  2454 | D:6      | Reached skill level 6 in Unarmed Combat
  2485 | D:6      | Found a basalt altar of Yredelemnul.
  2577 | D:6      | Reached XP level 8. HP: 66/81 MP: 7/7
  2633 | D:6      | Found a shadowy altar of Dithmenos.
  2707 | D:6      | Found a stormy altar of Qazlal.
  3009 | D:6      | Reached skill level 7 in Unarmed Combat
  3145 | D:6      | Found an ornate altar of the Wu Jian Council.
  3191 | D:7      | Noticed Prince Ribbit
  3199 | D:7      | Killed Prince Ribbit
  3200 | D:7      | Reached skill level 8 in Unarmed Combat
  3397 | D:7      | Reached XP level 9. HP: 70/92 MP: 8/8
  3482 | D:7      | Found a runed translucent door.
  3482 | D:7      | Noticed koorschki's ghost (novice DsIE)
  3495 | D:7      | Killed koorschki's ghost
  3496 | D:7      | Reached skill level 9 in Unarmed Combat
  3720 | D:8      | Noticed Maurice
  3728 | D:8      | Maurice stole a ring of protection from fire
  3728 | D:8      | Noticed Psyche
  3730 | D:8      | Maurice stole a staff of death
  3731 | D:8      | Maurice stole 293 gold
  3768 | D:8      | Killed Psyche
  3871 | D:8      | Killed Maurice
  3930 | D:8      | Noticed Pikel
  3944 | D:8      | Killed Pikel
  3945 | D:8      | Reached skill level 10 in Unarmed Combat
  3945 | D:8      | Reached XP level 10. HP: 98/106 MP: 9/9
  3945 | D:8      | Noticed Erica
  4025 | D:8      | HP: 4/106 [Erica/+0 scimitar of flaming (6)]
  4028 | D:8      | Killed Erica
  4440 | D:8      | Reached skill level 11 in Unarmed Combat
  4456 | D:8      | HP: 3/99 [wight/+0 spear (9)]
  4456 | D:8      | Slain by a wight

Illustrated notes

Levels and vault maps discovered:
D:1:      mrwooster_arrival_statue_3, layout_loops_ring, minmay_misc_feat_alley,
          st_stairs_13
D:2:      layout_basic, minmay_fractal_squares_5, uniq_terence, uniq_robin,
          uniq_sigmund
D:3:      layout_loops_ring, nicolae_overflows_in_rows,
          ebering_ecumenical_altar_petrified, ebering_ghost_rock_garden
D:5:      layout_gridville, gammafunk_ghost_mausoleum, uniq_grinder
D:6:      minmay_diamond_boxcup, layout_cave_pools,
          mainiacjoe_overflow_24_doors,
          nicolae_dithmenos_through_a_glass_darkly, mainiacjoe_overflow_swirl,
          st_stairs_5, uniq_blork_the_orc
D:7:      layout_cave_pools, gammafunk_ghost_grave, uniq_prince_ribbit1
D:8:      layout_loops_ring, grunt_ministairs_15, nzn_random_ring, uniq_maurice,
          uniq_erica, uniq_pikel, uniq_psyche

Skill      XL: |  1  2  3  4  5  6  7  8  9 10 |
---------------+-------------------------------+-----
Fighting       | 3 4 5 6 8 9 |  9.3
Dodging        | 3 4 |  4.4
Unarmed Combat | 4 5 6 8 10 11 | 11.1

Action                     |  1- 3 |  4- 6 |  7- 9 | 10-12 || total
---------------------------+-------+-------+-------+-------++-------
  Melee: Unarmed           |    77 |    63 |   164 |    64 ||   368
  Evoke: Wand              |       |       |     2 |     1 ||     3
    Use: Scroll            |       |     7 |     6 |     2 ||    15
         Potion            |       |       |       |     4 ||     4
   Stab: Distracted        |       |       |     1 |       ||     1
 Armour: Robe              |    33 |    26 |    88 |    68 ||   215
  Dodge: Dodged            |    32 |    26 |    74 |    42 ||   174
